Unix NetHack Version 5.0.0-0 post-release - last build Jun 10 2026 00:39:30 (3ee93aec679c4c4259841fe613dc97188e26a321,branch:main).

Game began 2026-06-16 11:28:24, ended 2026-06-16 12:54:01.

LDaviesPeters, neutral female human Archeologist

                                   -- --    -- ---
                                 ---.--.    -.--.---
                                  .......   .......|
                                  -......-  -.(....---
                                   .......  -.^.......
                                   -......    .......
                                    .......    )...!
                                      .....    -...   -
                                        ....  --..---.|
                                         G..---...)...|
                                        -  -......).---
                                        |.h..G.....--
                                        |G----@...-|
                                             --)...|
                                              |<..--
                                              |..-- G
                                              ----

LDaviesPeters the Field Worker  St:13 Dx:10 Co:15 In:15 Wi:15 Ch:11  Neutral
Dlvl:3  $:0  HP:0(33) Pw:21(21) AC:8  Xp:4 T:2059 

Latest messages:
 What do you want to sacrifice? [y or ?*] y
 Your sacrifice is consumed in a plume of smoke!
 You have a hopeful feeling.
 Your movements are now unencumbered.
 What do you want to use or apply? [abfgijp or ?*] b
 s - a scroll of confuse monster.
 t - a brown potion.
 A scroll of confuse monster lands on the altar.
 A brown potion lands on the altar.
 s - an uncursed scroll of confuse monster.
 t - an uncursed brown potion.
 What do you want to use or apply? [abfgijp or ?*] b
 You put an uncursed scroll of confuse monster into the sack.
 You put an uncursed brown potion into the sack.
 You see here a cursed food ration.
 What do you want to drop? [a-jlmopvw or ?*] w
 You drop an uncursed pair of jackboots.
 You lash the brown mold.
 You are suddenly very cold!
 The fox bites!
 The fox bites!
 You lash the fox.
 The fox bites!
 You kill the fox!
 You are hit by a rock.
 You kill the hobbit!
 You have a little trouble lifting a hobbit corpse.  Continue? [ynq] (q) y
 You have a little trouble lifting z - a hobbit corpse.
 Your movements are slowed slightly because of your load.
 What do you want to sacrifice? [z or ?*] z
 Your sacrifice is consumed in a plume of smoke!
 You have a hopeful feeling.
 Your movements are now unencumbered.
 You see here a cursed food ration.
 You descend the stairs.
 The gnome lord wields a thonged club!
 The gnome lord secures the tether on the thonged club.
 The gnome lord swings his thonged club.
 The gnome lord hits!
 You lash the gnome lord.
 The gnome lord swings his thonged club.
 The gnome lord hits!
 You lash the gnome lord.
 The gnome lord swings his thonged club.
 The gnome lord hits!
 You miss the gnome lord.
 The gnome lord swings his thonged club.
 The gnome lord hits!
 You die...
 Do you want your possessions identified? [ynq] (y) q

Inventory:
 Amulets  ('"')
  o - an uncursed amulet of ESP (being worn)
 Weapons  (')')
  v - 6 blessed +1 darts
  m - a +0 orcish dagger (at the ready)
  a - a +2 bullwhip (weapon in left hand)
 Armor    ('[')
  c - an uncursed +0 fedora (being worn)
  e - an uncursed +0 pair of jumping boots (being worn)
  h - a blessed +0 leather jacket (being worn)
 Comestibles  ('%')
  d - 5 uncursed food rations
 Scrolls  ('?')
  l - a cursed scroll of teleportation
 Wands    ('/')
  j - a wand of secret door detection (0:10)
 Tools    ('(')
  b - an uncursed sack containing 4 items
  i - a magic marker (0:21)
  p - a +0 pick-axe (alternate weapon; not wielded)
  f - a tinning kit (0:48)
 Gems/Stones  ('*')
  g - an uncursed touchstone

Contents of the sack:
  21 gold pieces
  an uncursed scroll of confuse monster
  an uncursed potion of healing
  an uncursed potion of gain ability

LDaviesPeters the Archeologist's attributes:

Background:
 You were a Field Worker, a level 4 female human Archeologist.
 You were neutral, on a mission for Camaxtli
 who was opposed by Quetzalcoatl (lawful) and Huhetotl (chaotic).
 You were left-handed.
 You were in the Gnomish Mines, on level 3.
 You entered the dungeon 2059 turns ago.
 There was a new moon in effect when your adventure ended.
 You had 130 experience points, 30 more were needed to attain level 5.

Basics:
 You had 0 out of 33 hit points.
 You had all 21 energy points (spell power).
 Your armor class was 8.
 Your wallet was empty, but
 you had 21 zorkmids stashed away in your pack.
 Autopickup was off.

Final Characteristics:
 Your strength was 13 (limit:18/100).
 Your dexterity was 10 (limit:18).
 Your constitution was 15 (limit:18).
 Your intelligence was 15 (limit:18).
 Your wisdom was 15 (limit:18).
 Your charisma was 11 (limit:18).

Final Status:
 You weren't hungry.
 You were unencumbered.
 You were wielding a whip.
 You had basic skill with whip.

Final Attributes:
 You were devoutly aligned.
 You were telepathic.
 You had automatic searching.
 You could jump.
 You were lucky.
 You are dead.

Miscellaneous:
 You didn't encounter any bones levels.
 Total elapsed playing time was 1 hour, 2 minutes and 30 seconds.

Major events:
 Turn
    1: LDaviesPeters the neutral female human Archeologist entered the dungeon
  590: entered the Gnomish Mines
  626: attained the rank of Field Worker (level 3)
 2059: killed by a gnome lord

You didn't know any spells.

Skills:
 Fighting Skills
   bare handed combat [Unskilled]
   two weapon combat  [Unskilled]
   riding             [Unskilled]
 Weapon Skills
   dagger             [Unskilled]
   knife              [Unskilled]
   pick-axe           [Basic]
   short sword        [Unskilled]
   saber              [Unskilled]
   club               [Unskilled]
   quarterstaff       [Unskilled]
   sling              [Unskilled]
   dart               [Unskilled]
   boomerang          [Unskilled]
   whip               [Basic]
   unicorn horn       [Unskilled]
 Spellcasting Skills
   attack spells      [Unskilled]
   healing spells     [Unskilled]
   divination spells  [Unskilled]
   matter spells      [Unskilled]

Voluntary challenges:
 Character rerolling was not enabled.
 You never genocided any monsters.
 You never polymorphed an object.
 You never changed form.
 You used no wishes.
Achievements:
 You entered the Gnomish Mines.
 You attained the rank of Field Worker.

 The Dungeons of Doom: levels 1 to 4
    Level 1:
       A fountain.
    Level 2:
       Many altars, many fountains.
       Stairs down to The Gnomish Mines.
    Level 3:
    Level 4:
 The Gnomish Mines:
    Level 3: <- You were here.
       Final resting place for
          you, killed by a gnome lord.


Vanquished creatures:
  2 shriekers
  a kitten
  a homunculus
  a giant bat
 an acid blob
  2 coyotes
  a hobbit
  a large kobold
  a hobgoblin
  a giant rat
  a red mold
  5 gnomes
  a gnome zombie
  6 jackals
  2 foxes
  a goblin
  2 grid bugs
  2 lichens
  a kobold zombie
  a newt
34 creatures vanquished.

No species were genocided or became extinct.

Game over:
                       ----------
                      /          \
                     /    REST    \
                    /      IN      \
                   /     PEACE      \
                  /                  \
                  |  LDaviesPeters   |
                  |      21 Au       |
                  |   killed by a    |
                  |    gnome lord    |
                  |                  |
                  |                  |
                  |       2026       |
                 *|     *  *  *      | *
        _________)/\\_//(\/(/\)/\//\/|_)_______

Goodbye LDaviesPeters the Archeologist...

You died in The Gnomish Mines on dungeon level 3 with 699 points,
and 21 pieces of gold, after 2059 moves.
You were level 4 with a maximum of 33 hit points when you died.

